Map: [ESL] Radhuset Station

Players

Serral - Winner!

  • Race: Zerg Zerg
  • Spawn Location: 1:00

Maru

  • Race: Terran Terran
  • Spawn Location: 7:00

Event: IEM Katowice 2024

VOD

https://youtu.be/C0O7HJu8Yzc?t=1192

Description

Time

  • Played on: Feb. 11, 2024, 1:41 p.m.
  • Length: 40:27

All games in this series

Show
View Real Time Build Order
Export as new Build Order

Serral Zerg - Winner!

Build Orders: Hatch First, Zergling Baneling 

Get SALT Encoding   

  12  0:00  Drone  
  13  0:12  Overlord  
  13  0:17  Drone  
  14  0:30  Drone x2  
  16  0:48  Hatchery  
  15  0:51  Drone  
  15  0:55  Drone  
  17  0:58  Drone  
  18  1:10  Extractor  
  17  1:14  Spawning Pool  
  17  1:17  Drone  
  17  1:21  Drone  
  18  1:27  Drone  
  19  1:38  Drone  
  20  1:50  Drone  
  21  2:00  Queen x2  
  25  2:02  Zergling x2, Overlord  
  26  2:10  Drone  
  26  2:11  Drone  
  28  2:21  Drone  
  28  2:22  Drone  
  30  2:32  Hatchery  
  30  2:34  Drone  
  30  2:36  Drone  
  31  2:40  Pneumatized Carapace  
  31  2:48  Queen  
  33  2:53  Overlord  
  33  2:55  Drone  
  33  2:57  Drone  
  35  3:00  Drone  
  35  3:04  Metabolic Boost  
  36  3:09  Overlord  
  36  3:14  Drone x3  
  36  3:16  Drone  
  36  3:18  Drone  
  41  3:23  Queen  
  41  3:26  Drone  
  44  3:31  Queen  
  44  3:34  Drone  
  47  3:36  Overlord  
  47  3:42  Zergling x2  
  47  3:44  Zergling x2  
  47  3:45  Queen  
  47  3:47  Drone  
  52  3:50  Drone x2  
  52  3:55  Drone x3  
  55  4:05  Drone x5  
  59  4:11  Drone x2  
  59  4:12  Overlord  
  61  4:17  Overlord  
  61  4:31  Drone x5  
  61  4:35  Evolution Chamber x2  
  61  4:36  Drone  
  61  4:37  Drone x3  
  68  4:41  Queen  
  68  4:44  Overlord  
  70  4:46  Drone x4  
  70  4:49  Extractor  
  70  4:51  Overlord  
  73  4:53  Overlord  
  73  4:58  Zergling x2  
  74  5:01  Zerg Melee Weapons Level 1  
  74  5:02  Queen  
  74  5:03  Zergling x8  
  74  5:06  Zerg Ground Armor Level 1  
  80  5:13  Hatchery  
  79  5:14  Drone  
  79  5:15  Drone  
  79  5:17  Drone x2  
  79  5:20  Drone x2, Extractor  
  84  5:21  Drone  
  84  5:22  Drone  
  84  5:23  Drone  
  84  5:24  Drone  
  84  5:28  Overlord  
  88  5:29  Drone x3  
  88  5:31  Drone  
  88  5:34  Drone x2  
  94  5:39  Lair  
  94  5:40  Drone x2  
  94  5:48  Zergling x4  
  94  5:50  Drone x4, Overlord  
  97  5:57  Baneling Nest, Overlord  
  97  5:58  Overlord  
  97  6:02  Extractor, Overlord  
  97  6:03  Drone, Extractor  
  95  6:05  Drone  
  95  6:09  Drone  
  95  6:10  Drone x2  
  98  6:12  Queen  
  98  6:15  Drone x3  
  98  6:16  Hatchery  
  102  6:23  Zergling x6  
  105  6:27  Zergling x8  
  105  6:28  Overlord  
  109  6:33  Queen  
  109  6:34  Zergling x6  
  109  6:35  Overlord  
  109  6:36  Zergling x2  
  109  6:38  Zergling x2  
  116  6:41  Baneling x4  
  116  6:43  Centrifugal Hooks  
  117  6:47  Zergling x16  
  117  6:52  Drone x2  
  126  7:01  Zerg Melee Weapons Level 2, Zerg Ground Armor Level 2  
  126  7:02  Zergling x8, Infestation Pit  
  126  7:03  Hatchery  
  126  7:05  Hydralisk Den  
  127  7:10  Drone x5  
  127  7:12  Extractor  
  127  7:14  Drone x2, Extractor  
  132  7:16  Spore Crawler  
  132  7:19  Zergling x6  
  132  7:20  Zergling x2  
  132  7:22  Baneling x6  
  135  7:23  Baneling  
  135  7:25  Zergling x2  
  135  7:27  Overlord x4  
  135  7:28  Overlord  
  135  7:32  Overlord  
  135  7:39  Hive  
  135  7:41  Grooved Spines  
  135  7:42  Zergling x12  
  141  7:52  Zergling x2  
  141  7:53  Zergling x16  
  141  7:57  Zergling x4  
  152  8:01  Zergling x2  
  152  8:02  Zergling x14  
  154  8:07  Drone  
  154  8:08  Drone x4  
  154  8:11  Zergling x2  
  160  8:14  Overseer  
  160  8:22  Zergling x12  
  160  8:26  Zergling x8, Overseer  
  161  8:34  Baneling x9  
  156  8:35  Baneling x2  
  156  8:37  Drone x4  
  156  8:38  Zergling x2, Drone  
  156  8:39  Zergling x24  
  156  8:40  Overseer  
  169  8:44  Infestor x2, Muscular Augments  
  169  8:45  Burrow  
  172  8:49  Drone x2  
  172  8:50  Drone  
  172  8:51  Adrenal Glands  
  172  8:53  Extractor  
  172  8:57  Viper x2  
  172  9:01  Zergling x10  
  180  9:06  Overlord  
  180  9:07  Zergling x2  
  178  9:15  Hydralisk  
  178  9:16  Hydralisk x6  
  191  9:17  Zergling x8  
  191  9:21  Overlord  
  191  9:22  Baneling x6  
  194  9:26  Overlord  
  193  9:39  Zerg Ground Armor Level 3  
  193  9:43  Drone x2  
  193  9:44  Drone  
  193  9:45  Zerg Missile Weapons Level 1  
  196  9:50  Zergling x8  
  196  9:52  Hatchery  
  198  9:56  Drone  
  194  10:03  Zergling x28  
  195  10:08  Baneling x6  
  195  10:09  Baneling x2  
  195  10:20  Hatchery  
  192  10:22  Zergling x16  
  192  10:27  Spire  
  192  10:28  Extractor  
  196  10:29  Extractor, Drone x3  
  196  10:31  Overseer  
  196  10:33  Nydus Network  
  196  10:34  Baneling x3, Overlord x2  
  196  10:44  Zergling x2  
  196  10:45  Zergling x8  
  182  11:04  Drone  
  182  11:05  Zergling x34  
  196  11:12  Hatchery  
  196  11:17  Zergling x2  
  196  11:18  Zergling x12  
  200  11:19  Lurker Den  
  200  11:25  Nydus Canal  
  199  11:32  Zergling x22  
  179  11:33  Zergling x34  
  179  11:36  Hydralisk x3  
  193  11:45  Zergling x8  
  193  11:46  Baneling  
  193  11:47  Baneling x7  
  197  11:52  Drone x10  
  194  12:02  Infestor  
  194  12:03  Hydralisk x3, Baneling x7  
  194  12:05  Zerg Missile Weapons Level 2  
  194  12:08  Greater Spire  
  199  12:10  Baneling x6  
  199  12:12  Nydus Canal  
  199  12:19  Seismic Spines  
  197  12:22  Infestor  
  197  12:28  Infestor  
  199  12:31  Zergling x2  
  199  12:32  Zergling x12  
  199  12:41  Zergling x18  
  198  12:49  Infestor x3  
  198  12:51  Infestor  
  188  12:52  Overseer x2  
  188  12:56  Zergling x14, Ultralisk Cavern  
  188  12:57  Zergling x6  
  193  13:08  Zergling x28  
  198  13:16  Adaptive Talons  
  198  13:18  Zergling x20  
  190  13:30  Hydralisk  
  190  13:31  Zergling x4, Hydralisk x2  
  190  13:32  Zergling x26  
  187  13:41  Zerg Flyer Weapons Level 1  
  187  13:43  Drone  
  187  13:45  Infestor, Spore Crawler  
  187  13:46  Infestor  
  187  13:47  Hydralisk x5  
  199  13:50  Baneling x15  
  199  13:55  Infestor  
  199  13:59  Baneling x5  
  199  14:07  Nydus Canal  
  199  14:08  Zerg Melee Weapons Level 3  
  199  14:10  Infestor  
  199  14:11  Drone  
  199  14:23  Zergling x6  
  199  14:24  Zergling x2  
  199  14:25  Hatchery  
  195  14:36  Infestor x2  
  195  14:37  Infestor x2  
  198  14:40  Zergling x2  
  198  14:42  Neural Parasite  
  170  15:02  Zergling x56  
  190  15:08  Zergling x18  
  196  15:16  Hydralisk x2  
  196  15:17  Zergling x8, Hydralisk  
  187  15:25  Chitinous Plating, Baneling x16  
  184  15:37  Baneling x20  
  184  15:40  Overseer  
  184  15:42  Hydralisk x5  
  186  15:43  Zergling x4  
  186  15:45  Overseer  
  186  15:48  Lurker x5, Hatchery  
  200  15:56  Nydus Canal  
  200  16:02  Zergling x16  
  200  16:06  Overseer  
  200  16:08  Spore Crawler  
  196  16:17  Nydus Canal  
  194  16:20  Drone x4  
  194  16:23  Zergling x4  
  197  16:44  Anabolic Synthesis  
  193  16:53  Zergling x2  
  193  16:54  Zergling x50  
  173  17:01  Corruptor x9  
  191  17:09  Drone x2  
  191  17:12  Baneling  
  191  17:13  Spore Crawler x2, Baneling x14  
  191  17:15  Spore Crawler  
  190  17:17  Nydus Canal  
  190  17:18  Zergling x8, Ultralisk  
  200  17:26  Baneling x12  
  200  17:28  Overseer x2  
  200  17:33  Drone  
  200  17:40  Nydus Canal  
  200  17:47  Zerg Flyer Weapons Level 2  
  200  17:53  Drone  
  199  18:01  Zergling x2  
  198  18:12  Infestor  
  198  18:13  Drone  
  199  18:34  Corruptor x2  
  183  18:56  Corruptor x3  
  183  18:57  Corruptor  
  183  18:59  Infestor  
  183  19:00  Zergling x2, Ultralisk  
  183  19:01  Zergling x22, Ultralisk  
  197  19:07  Zergling x6  
  199  19:13  Baneling x5  
  197  19:26  Nydus Canal  
  197  19:29  Zergling x8  
  200  19:32  Baneling  
  200  19:33  Baneling x3  
  198  19:43  Zergling x18  
  198  19:49  Zergling x4  
  191  19:58  Baneling x6  
  190  20:02  Infestor x2  
  190  20:03  Infestor, Zerg Flyer Armor Level 1  
  190  20:04  Overlord x3  
  193  20:09  Extractor x2  
  193  20:12  Overlord  
  188  20:20  Drone x5  
  187  20:25  Zergling x36  
  199  20:29  Overseer  
  199  20:32  Overseer  
  199  20:47  Overseer x3  
  199  20:48  Overlord  
  199  20:49  Zergling x8  
  196  21:07  Overseer  
  196  21:11  Zergling x8  
  200  21:17  Baneling x7  
  191  21:27  Drone  
  191  21:28  Zergling x16  
  191  21:30  Baneling x23  
  200  21:38  Extractor  
  199  21:40  Extractor  
  196  21:47  Drone x3  
  196  21:50  Zergling x2  
  196  21:52  Baneling x2  
  200  21:57  Zerg Flyer Weapons Level 3  
  200  22:03  Nydus Canal  
  189  22:13  Zergling x22  
  200  22:19  Drone x3  
  200  22:22  Overseer, Baneling x8  
  192  22:27  Zergling x14  
  198  23:03  Zergling x20  
  195  23:17  Zergling x12  
  200  23:26  Extractor, Baneling x19  
  199  23:27  Extractor  
  199  23:31  Drone  
  199  23:32  Zergling x4  
  184  24:00  Zergling x8  
  184  24:01  Zergling x32  
  181  24:11  Ultralisk  
  181  24:12  Zergling x34, Ultralisk  
  185  24:18  Zergling x18, Ultralisk  
  185  24:22  Baneling x8  
  185  24:23  Baneling x34  
  198  24:34  Zerg Flyer Armor Level 2  
  198  24:43  Hatchery  
  196  24:49  Zergling x2  
  197  24:59  Infestor  
  194  25:01  Hatchery  
  194  25:03  Overseer  
  194  25:04  Overlord  
  194  25:05  Overlord  
  194  25:07  Extractor x2  
  189  25:09  Zergling x30  
  189  25:12  Corruptor  
  189  25:13  Corruptor x3  
  196  25:18  Corruptor x6  
  197  25:23  Hatchery  
  196  25:32  Zergling x8  
  200  25:40  Baneling  
  200  25:41  Baneling  
  189  26:02  Zergling x24  
  198  26:18  Zergling x4  
  198  26:23  Infestor  
  193  26:26  Infestor x3  
  197  26:47  Zergling x6, Hatchery  
  196  27:05  Zergling x40  
  196  27:06  Zergling x14  
  193  27:12  Zergling x18  
  193  27:13  Zergling x2  
  196  27:20  Zergling x2  
  196  27:21  Zergling x10  
  185  27:42  Overlord x3  
  177  27:49  Zergling x2  
  177  27:50  Zergling x26  
  177  27:51  Overlord x6  
  170  27:54  Baneling x6, Overlord x2  
  170  27:55  Overseer x2  
  164  28:03  Ultralisk x3  
  164  28:04  Zergling x8, Ultralisk x2, Hatchery  
  197  28:08  Overseer x3, Overlord  
  197  28:12  Baneling x9  
  195  28:28  Zergling x10  
  198  28:38  Infestor x2  
  198  28:40  Zergling x8  
  199  28:43  Baneling  
  199  28:52  Zergling x10  
  195  28:58  Infestor x3  
  195  29:02  Baneling x26  
  199  29:12  Baneling x7  
  199  29:25  Nydus Canal  
  197  29:42  Zergling x12  
  192  30:10  Zergling x14  
  188  30:27  Zergling x30, Ultralisk x2  
  174  30:37  Infestor x2  
  174  30:41  Nydus Canal  
  178  30:42  Zergling x2  
  178  30:43  Zergling x26  
  191  30:51  Baneling  
  191  30:52  Baneling x12  
  191  30:54  Infestor  
  191  30:56  Nydus Canal  
  191  31:11  Zerg Flyer Armor Level 3  
  181  31:35  Zergling x2  
  181  31:36  Zergling x50  
  173  31:43  Infestor x6  
  184  31:48  Overseer  
  184  31:52  Corruptor x6  
  184  31:53  Corruptor x6  
  200  31:57  Queen x2  
  185  32:28  Infestor x5  
  184  32:31  Hatchery  
  184  32:36  Drone x9  
  176  32:38  Corruptor x3  
  171  33:00  Brood Lord x6  
  171  33:01  Brood Lord x5  
  185  33:17  Brood Lord  
  185  33:18  Brood Lord x3  
  185  33:19  Infestor x3  
  197  33:23  Overseer x3  
  192  34:02  Zergling x24  
  193  34:27  Baneling x12  
  193  34:28  Baneling x4  
  193  34:37  Infestor x3  
  193  34:38  Overseer  
  130  35:08  Overseer  
  130  35:09  Zergling x18  
  114  35:27  Overseer x2  
  114  35:28  Infestor x6, Brood Lord  
  114  35:42  Brood Lord  
  116  35:50  Infestor x2  
  120  36:12  Brood Lord  
  120  36:14  Infestor  
  124  36:27  Corruptor  
  126  36:37  Infestor  
  128  36:41  Overseer  
  128  36:46  Zergling x4  
  130  36:57  Corruptor  
  132  37:05  Overseer  
  129  37:18  Corruptor  
  129  37:21  Infestor  
  132  37:41  Corruptor  
  133  37:48  Viper  
  131  38:06  Infestor x2  
  135  38:19  Viper  
  138  38:33  Overseer  
  138  38:57  Brood Lord  
  140  39:27  Viper  
  140  39:28  Infestor x3  
Show
View Real Time Build Order
Export as new Build Order

Maru Terran 

Build Orders: Command Center First 

Get SALT Encoding   

  12  0:00  SCV  
  13  0:12  SCV  
  14  0:17  Supply Depot  
  14  0:24  SCV  
  15  0:38  SCV  
  16  0:50  SCV  
  17  1:00  Command Center  
  17  1:03  SCV  
  18  1:08  Refinery  
  18  1:15  SCV  
  19  1:22  Barracks  
  19  1:27  SCV  
  20  1:39  SCV  
  21  1:51  SCV  
  22  2:10  Orbital Command, Marine  
  22  2:11  Orbital Command  
  22  2:14  Factory  
  23  2:29  Barracks Reactor  
  23  2:37  SCV x2  
  25  2:45  Command Center  
  25  2:49  SCV x2  
  27  2:58  Supply Depot  
  27  3:01  SCV x2  
  29  3:08  Hellion x2  
  33  3:12  Marine  
  33  3:13  SCV x2  
  36  3:25  SCV x2  
  38  3:27  Supply Depot  
  38  3:29  Cyclone x2  
  38  3:32  Barracks Tech Lab  
  42  3:37  SCV x2  
  44  3:44  Engineering Bay x2  
  44  3:46  Refinery  
  44  3:49  SCV x2  
  44  3:51  Marine  
  47  4:00  SCV  
  47  4:01  SCV x2  
  48  4:12  Hellion x2  
  48  4:13  SCV  
  48  4:16  Refinery x2  
  52  4:17  SCV  
  52  4:20  Terran Infantry Weapons Level 1, Terran Infantry Armor Level 1  
  52  4:25  SCV  
  52  4:29  Barracks x2, SCV  
  55  4:32  Marine  
  55  4:34  Orbital Command  
  55  4:38  SCV  
  56  4:41  SCV  
  56  4:45  Barracks  
  57  4:46  Barracks, Stimpack  
  57  4:47  Factory Reactor  
  57  4:50  Marine, SCV  
  59  4:53  SCV  
  60  5:02  SCV, Supply Depot  
  60  5:03  SCV  
  60  5:05  SCV  
  63  5:13  Armory  
  64  5:14  SCV  
  64  5:15  SCV  
  64  5:17  SCV, Starport  
  66  5:26  SCV  
  66  5:27  SCV  
  68  5:29  Factory Reactor, SCV  
  68  5:32  Marine x3, Supply Depot  
  68  5:33  Barracks Reactor x2  
  72  5:38  Marine x2, SCV  
  72  5:40  SCV  
  74  5:44  SCV  
  71  5:50  SCV, Marine  
  71  5:52  SCV  
  71  5:55  Supply Depot x2  
  74  5:57  SCV  
  74  5:59  Marine  
  74  6:00  Marine  
  74  6:03  SCV  
  78  6:04  Supply Depot  
  78  6:10  SCV  
  77  6:13  Factory, Factory Reactor  
  77  6:14  Medivac x2  
  77  6:15  Terran Infantry Weapons Level 2  
  77  6:16  Marine x2  
  77  6:18  SCV  
  84  6:19  Supply Depot  
  84  6:21  Supply Depot  
  84  6:22  Terran Infantry Armor Level 2  
  84  6:27  Command Center  
  84  6:28  Marine  
  84  6:30  SCV x3  
  88  6:36  Combat Shield, Missile Turret  
  88  6:37  Missile Turret  
  88  6:42  SCV x2  
  88  6:43  Marine x2  
  92  6:48  Missile Turret  
  92  6:49  SCV  
  92  6:50  Medivac x2, Refinery  
  92  6:51  Widow Mine, Refinery  
  99  6:55  Widow Mine  
  99  6:57  Supply Depot  
  99  6:58  Supply Depot  
  99  7:00  Factory Tech Lab, Marine  
  99  7:01  Marine x7  
  108  7:04  SCV  
  108  7:05  SCV x2  
  112  7:17  SCV x2  
  112  7:20  Terran Vehicle And Ship Armor Level 1  
  113  7:23  Drilling Claws  
  113  7:24  Widow Mine x3  
  113  7:26  Barracks  
  113  7:28  Barracks  
  113  7:29  Barracks, Marauder, Marine x2  
  123  7:30  Marine x4  
  127  7:39  Supply Depot  
  127  7:41  SCV x3  
  130  7:44  Marine x2  
  130  7:45  Widow Mine  
  130  7:46  Widow Mine x2  
  130  7:47  Marine x2  
  140  7:53  SCV x3  
  140  7:58  Marauder, Marine x2  
  140  8:05  SCV x2  
  140  8:06  SCV  
  143  8:13  Planetary Fortress  
  143  8:17  SCV  
  143  8:18  Widow Mine, SCV x2  
  143  8:19  Marauder, Widow Mine  
  152  8:25  Supply Depot  
  152  8:30  SCV x2  
  152  8:31  Barracks Tech Lab x3, Marine  
  152  8:32  SCV  
  153  8:41  Terran Infantry Armor Level 3, Terran Infantry Weapons Level 3, Marauder  
  153  8:42  SCV x2  
  153  8:43  Supply Depot  
  153  8:51  Concussive Shells, Marauder x2, Marine x3  
  153  8:54  Marine  
  158  8:56  Medivac  
  158  8:57  SCV x2  
  158  9:00  SCV, Supply Depot  
  158  9:02  Marauder  
  165  9:06  Marauder, Marine x2  
  165  9:09  SCV x2  
  171  9:10  Supply Depot  
  171  9:12  Marauder x2  
  173  9:17  SCV  
  173  9:19  Command Center  
  173  9:21  SCV  
  173  9:24  Marauder  
  176  9:28  Marine  
  176  9:29  Marauder, Marine x4  
  183  9:34  Marauder x2  
  183  9:35  Terran Vehicle And Ship Armor Level 2  
  183  9:37  Ghost Academy  
  183  9:38  Supply Depot  
  187  9:42  Medivac  
  187  9:45  Marauder, SCV x3  
  194  9:46  SCV  
  194  9:49  Refinery x2  
  195  9:53  Widow Mine x2  
  195  9:55  Marine  
  195  9:56  Marine  
  195  9:57  SCV  
  200  10:00  SCV, Marauder x2  
  180  10:07  Personal Cloaking, Widow Mine  
  180  10:09  Medivac  
  180  10:18  Command Center x2  
  180  10:19  Marauder, Marine x2  
  180  10:20  Missile Turret x2, Marauder  
  186  10:21  Widow Mine  
  186  10:25  Medivac  
  185  10:29  Widow Mine x2  
  188  10:37  Command Center  
  188  10:39  Medivac  
  182  10:43  Widow Mine  
  182  10:49  Ghost x2  
  188  10:50  Missile Turret  
  188  10:53  Widow Mine x2  
  190  11:01  Ghost x2  
  190  11:04  Widow Mine  
  192  11:15  Planetary Fortress, Widow Mine x2  
  192  11:17  Ghost  
  195  11:24  Sensor Tower  
  193  11:31  Marauder x2, Marine x2  
  193  11:32  Ghost  
  188  11:33  Marine x6  
  183  11:46  Ghost  
  185  11:49  Marine x2  
  185  11:51  Marine x6  
  185  11:53  Marauder x2  
  197  11:56  Medivac x2  
  198  12:02  Marauder  
  198  12:06  Missile Turret  
  198  12:07  Orbital Command, Missile Turret x2  
  198  12:08  Orbital Command, Command Center  
  200  12:30  Command Center, Terran Vehicle And Ship Armor Level 3  
  200  12:32  Fusion Core, Starport  
  200  12:35  Starport  
  198  12:42  Ghost x2  
  198  12:43  Ghost  
  167  12:48  Ghost  
  167  12:52  Marine x4  
  167  12:57  Refinery  
  167  12:58  Orbital Command, Refinery  
  171  13:04  Command Center  
  171  13:08  Marine x4  
  171  13:10  Ghost  
  171  13:11  Marauder, Widow Mine x3  
  157  13:13  Marauder  
  157  13:17  Marauder  
  159  13:20  Sensor Tower  
  159  13:22  Marine x2  
  159  13:32  Widow Mine  
  159  13:33  Marine x3, Marauder, Widow Mine x2  
  156  13:34  Marauder  
  156  13:35  Marine, Medivac x2  
  156  13:36  Marine  
  156  13:37  Marine  
  156  13:39  Marauder  
  156  13:40  Marauder  
  163  13:48  Advanced Ballistics, Medivac x2  
  167  13:49  Marine  
  167  13:50  Marine  
  167  13:54  Marauder, Widow Mine  
  175  13:56  Marauder  
  175  13:58  Widow Mine x2  
  175  13:59  Ghost  
  175  14:00  Ghost  
  183  14:11  Missile Turret  
  183  14:13  Marine x2  
  183  14:14  Missile Turret  
  183  14:15  Widow Mine  
  183  14:16  Marauder  
  183  14:17  Orbital Command, Marauder, Neosteel Armor  
  191  14:23  Missile Turret, Widow Mine  
  193  14:26  Marine x4  
  193  14:29  Widow Mine, Marauder  
  198  14:37  Marauder  
  186  14:38  Liberator, Marauder  
  186  14:39  Liberator x2  
  186  14:42  Liberator  
  198  14:50  Marauder  
  200  14:58  Marauder  
  175  15:00  Ghost, Marauder  
  165  15:07  Widow Mine x2  
  165  15:12  Marauder  
  166  15:18  Widow Mine  
  166  15:20  Ghost, Marauder, Marine x5  
  166  15:21  Liberator x3  
  166  15:24  Liberator  
  166  15:26  Planetary Fortress  
  178  15:28  Ghost, Widow Mine  
  178  15:30  SCV x3, Widow Mine  
  178  15:32  Ghost  
  189  15:39  Widow Mine  
  189  15:40  Ghost  
  189  15:42  SCV x2  
  195  15:48  Missile Turret  
  195  15:49  Ghost  
  197  15:57  Ghost  
  197  16:04  Medivac  
  197  16:10  Ghost x2, Missile Turret  
  197  16:11  Missile Turret  
  196  16:17  Ghost  
  196  16:18  Command Center  
  198  16:25  Sensor Tower, Ghost  
  198  16:28  Starport Reactor  
  198  16:29  Starport Reactor  
  200  16:44  Command Center  
  198  16:48  Medivac  
  181  16:54  Ghost x2  
  181  16:55  Ghost x2  
  181  16:58  Medivac  
  181  17:00  Marine x3  
  181  17:01  Marine x3  
  176  17:05  Marine  
  178  17:08  Marine  
  178  17:11  SCV x3  
  178  17:12  Refinery x2  
  178  17:14  Medivac x2  
  186  17:17  Medivac  
  186  17:18  Marine x2  
  186  17:20  Marine x2  
  192  17:23  Ghost, Marine  
  192  17:24  Marauder x2, Marine  
  200  17:32  Missile Turret  
  184  18:25  Missile Turret  
  181  18:37  Marine x2  
  181  18:38  Marauder x2  
  181  18:39  Planetary Fortress  
  187  18:41  Missile Turret  
  187  18:43  Widow Mine  
  187  18:45  Liberator  
  170  18:58  Ghost x4  
  149  19:03  Liberator x5  
  149  19:04  Widow Mine  
  149  19:05  Widow Mine  
  165  19:10  Marine x5  
  170  19:20  Marine  
  170  19:21  Widow Mine, Marine  
  174  19:26  Ghost, Widow Mine  
  174  19:27  Marauder  
  174  19:28  Liberator, Marauder x2  
  186  19:33  Missile Turret  
  186  19:35  Missile Turret, Marine  
  157  19:46  Liberator  
  157  19:48  Marine x7  
  157  19:49  Marauder x3  
  162  19:53  Marine  
  162  19:56  Marauder  
  164  20:03  SCV x4  
  164  20:04  SCV  
  164  20:06  Marine x2  
  169  20:09  Ghost  
  169  20:10  Ghost x2  
  172  20:16  Ghost  
  172  20:21  Marine x3  
  176  20:27  Missile Turret x2  
  177  20:35  Missile Turret  
  177  20:38  Ghost x3  
  182  20:45  Ghost, Missile Turret  
  182  20:48  Widow Mine x2  
  185  20:53  Missile Turret  
  185  21:00  Liberator x2  
  184  21:06  Ghost  
  184  21:07  Ghost x2  
  184  21:08  Marine x2  
  184  21:14  Marauder  
  184  21:21  Marine  
  184  21:22  Marine x5  
  190  21:26  Marine x2  
  192  21:33  Missile Turret  
  192  21:35  Ghost x2, Widow Mine  
  192  21:36  Marauder  
  196  21:47  Command Center, Widow Mine  
  196  21:51  Command Center, Widow Mine  
  196  21:53  Missile Turret  
  198  21:57  Widow Mine  
  200  22:01  Missile Turret  
  196  22:19  Marauder x2  
  200  22:23  Orbital Command  
  200  22:32  Missile Turret  
  197  22:40  Missile Turret  
  197  22:41  Missile Turret  
  197  22:54  Sensor Tower, Marine  
  184  23:09  Orbital Command  
  184  23:10  Liberator x5  
  184  23:11  Widow Mine x2  
  185  23:13  Missile Turret  
  185  23:15  Missile Turret  
  185  23:17  Missile Turret  
  185  23:21  Liberator  
  185  23:23  Terran Ship Weapons Level 1  
  185  23:25  Planetary Fortress  
  188  23:32  Missile Turret  
  188  23:35  Widow Mine x3  
  188  23:39  Marine  
  195  23:41  Orbital Command  
  195  23:52  Liberator  
  195  24:02  Command Center  
  191  24:11  Ghost x3  
  191  24:14  Marine x3  
  191  24:15  Marauder, Marine  
  186  24:19  Medivac x3  
  186  24:20  Medivac x2  
  196  24:30  Marine  
  196  24:31  Marine x2  
  197  24:40  Marauder  
  199  24:47  Missile Turret  
  199  24:57  Orbital Command  
  196  25:14  Marauder x3, Marine x4  
  193  25:21  Missile Turret  
  197  25:25  Missile Turret x2  
  197  25:27  Missile Turret x2  
  197  25:28  Missile Turret  
  197  25:37  Medivac  
  197  25:38  Hi-Sec Auto Tracking  
  197  25:39  Terran Ship Weapons Level 2  
  196  25:56  Liberator x2  
  199  26:02  Caduceus Reactor  
  199  26:06  Command Center  
  199  26:15  Orbital Command  
  199  26:25  Missile Turret x2  
  199  26:32  Command Center  
  199  26:39  Missile Turret  
  195  26:49  Command Center  
  194  26:54  Refinery  
  194  26:55  Refinery  
  164  27:09  Marauder, Marine x2  
  164  27:10  Marauder x2  
  160  27:22  Missile Turret, Widow Mine x2  
  164  27:27  Missile Turret  
  164  27:29  SCV x2  
  166  27:30  SCV x2  
  166  27:36  Marauder, Marine  
  152  27:50  Marine  
  152  27:51  Marauder x3, Marine x2  
  152  27:56  SCV  
  153  28:10  Marine  
  153  28:11  Marauder  
  156  28:16  Orbital Command  
  156  28:17  Marine  
  157  28:22  Marine x2  
  159  28:31  Missile Turret  
  158  28:39  SCV x3  
  158  28:40  SCV x3  
  158  28:41  Marauder, Marine  
  149  28:43  Missile Turret  
  143  28:59  Marine x2  
  143  29:00  SCV x6, Marauder  
  143  29:01  SCV  
  143  29:02  Widow Mine  
  154  29:06  SCV  
  156  29:12  Widow Mine x2  
  159  29:17  Orbital Command  
  159  29:18  Planetary Fortress  
  159  29:23  Widow Mine  
  160  29:33  Missile Turret, Widow Mine x2  
  162  29:46  Marine x2  
  162  29:47  Marauder x2  
  168  29:57  Widow Mine x2  
  167  30:02  Missile Turret  
  167  30:03  Ghost  
  167  30:28  Marauder, Marine x4  
  140  30:29  Marauder x2  
  140  30:30  Widow Mine  
  140  30:33  Marine x2, Marauder  
  150  30:43  Marine  
  153  30:50  Marauder x2  
  153  30:56  Missile Turret  
  155  31:09  Marine x4  
  155  31:10  Marauder  
  161  31:16  Marine  
  162  31:33  Marine x2  
  162  31:34  Marauder  
  162  31:36  Marine x2  
  162  31:37  Marine  
  139  31:53  Widow Mine x2  
  143  32:05  Marauder x2, Marine x3  
  143  32:06  Marauder x2  
  154  32:11  Orbital Command, Widow Mine  
  156  32:21  Marine x2  
  156  32:22  Marine  
  159  32:27  Marauder x2  
  163  32:33  Marine x2  
  163  32:34  Marauder x2  
  165  32:40  Marine  
  155  32:47  Widow Mine x3  
  155  32:48  Marauder  
  163  32:56  Marine  
  163  32:57  Marauder  
  166  33:05  Marine x2  
  166  33:08  Widow Mine x2  
  166  33:11  SCV  
  166  33:12  SCV x2  
  181  33:20  Ghost x2  
  181  33:22  Viking x2  
  179  33:36  Viking  
  169  33:48  Viking  
  169  33:49  Marine  
  169  33:50  Marine x5  
  169  33:52  Refinery  
  169  33:53  Refinery  
  174  33:56  Marine  
  174  33:57  Marauder  
  175  34:04  Marine x2  
  175  34:05  Marauder x2  
  176  34:19  Viking  
  176  34:20  Marauder, Marine x2  
  151  35:01  Orbital Command  
  63  35:21  Viking x3  
  63  35:22  Viking x2  
  70  36:00  Viking  
  72  36:19  Orbital Command  
  71  36:25  Viking  
  71  36:32  Raven  
  63  37:29  Liberator  
  59  38:43  Orbital Command  
  58  39:03  Orbital Command  

Tags
 
Add a new tag
Caveats
  • Supply blocks, unpowered buildings, or Contaminate may cause inaccurate times.
  • Supply counts are checked every 10 seconds.